 Dungeon Crawl Stone Soup version 0.30-a0-174-gbc10bd73c2 (webtiles) character file.

Game seed: 7820527656705558411

382 qw the Chopper (level 6, -1/38 HPs)
             Began as a Gargoyle Fighter on Oct 1, 2022.
             Slain by an iguana (6 damage)
             ... on level 4 of the Dungeon.
             The game lasted 00:01:17 (2244 turns).

qw the Chopper (Gargoyle Fighter)                   Turns: 2244, Time: 00:01:17

Health: -1/38      AC: 11    Str: 22    XL:     6   Next: 76%
Magic:  6/6        EV:  9    Int:  8    God:
Gold:   120        SH:  9    Dex:  9    Spells: 5/5 levels left

rFire   . . .      SeeInvis .    Y - +0 war axe
rCold   + . .      Faith    .    c - +0 buckler
rNeg    + . .      Spirit   .    b - +0 scale mail
rPois   inf        Reflect  +    (no helmet)
rElec   +          Harm     .    (no cloak)
rCorr   .          Rampage  .    (no gloves)
Will    .....                    (no boots)
Stlth   ..........               e - amulet of reflection
HPRegen 0.26/turn                g - ring of protection from cold
MPRegen 0.10/turn                (no ring)

@: no status effects
A: sickness immunity, AC +4, negative energy resistance 1, electricity
resistance, torment resistance 1, petrification resistance
a: no special abilities


You were on level 4 of the Dungeon.
You visited 1 branch of the dungeon, and saw 4 of its levels.

You collected 192 gold pieces.
You spent 72 gold pieces at shops.


Innate Abilities, Weirdness & Mutations

You are immune to sickness and miasma.
Your stone body is resilient. (AC +4)
You are immune to poison.
You resist negative energy. (rN+)
You are resistant to electric shocks. (rElec)
You are resistant to unholy torment.
You are immune to petrification.


   Skills:
 - Level 4.0 Fighting
 + Level 5.5 Axes
 - Level 1.1 Throwing
 - Level 3.2 Armour
 - Level 1.2 Dodging
 - Level 3.2 Shields


You had 5 spell levels left.
You didn't know any spells.
Your spell library was empty.

Inventory:

Hand Weapons
 l - a +0 flail
 Y - a +0 war axe (weapon)
Missiles
 k - 4 silver boomerangs (quivered)
Armour
 b - a +0 scale mail (worn)
 c - a +0 buckler (worn)
Jewellery
 e - an amulet of reflection (around neck)
 g - a ring of protection from cold (left hand)
Scrolls
 i - 3 scrolls of enchant armour
 j - 2 scrolls of identify
Potions
 d - a potion of might
 f - a potion of haste
 m - a potion of attraction

Dungeon Overview and Level Annotations

Branches:
Dungeon (4/15)
 Temple: D:4-7

Altars:
Makhleb
The Shining One

Shops:
D:2 ?   D:4 =[*:(

Annotations:
D:2 Sigmund
D:4 Grinder


Message History

You closely miss the quokka. You block the quokka's attack.
Grinder gestures at you. You resist with significant effort.
The orc hits you but does no damage. The quokka closely misses you.
You slash the orc!
You kill the orc!
You barely miss the quokka.
Grinder says, "DUCK!"
Grinder gestures at you.
You barely resist. You block the quokka's attack.
You closely miss the quokka. You block the quokka's attack.
The quokka barely misses you.
Grinder blinks!
You hit the quokka.
The quokka is severely wounded.
The quokka bites you but does no damage.
Grinder blinks!
You miss the quokka.
The quokka is severely wounded.
The quokka bites you but does no damage.
The quokka barely misses you.
You slash the quokka!
You kill the quokka!
Grinder zaps a wand.
The puff of flame hits you!
2238 ||| READING scroll of teleportation.
As you read the scroll of teleportation, it crumbles to dust.
You feel strangely unstable. Grinder gestures at you.
You suddenly lose the ability to move!
Grinder barely misses you. Grinder gestures at you.
Pain shoots through your body!
Your surroundings suddenly seem different.
A ball python and 2 iguanas come into view.
The iguana hisses angrily.
The ball python hisses angrily.
The iguana hisses angrily.
You hear a shout! x2
You can move again.
You barely miss the iguana. The iguana bites you.
You die...

.. # .. .. #.
#.###l #...#.
.##.... ..
.......## #..
#...l@# ..##
# ....##..#
..#### P ##S.
#.##.. #...
#.#... #.#.#
#..... ....#
#..... #.#..
######...##
#.#
...#......###
........#


You could see 2 iguanas and a ball python.

Vanquished Creatures
  A black bear (D:4)
  An iguana (D:4)
  Natasha (twice) (D:2)
  8 gnolls
  5 adders
  5 dart slugs
  5 orcs
  2 ball pythons
  A bat (D:1)
  7 endoplasms
  A giant cockroach (D:1)
  11 goblins
  9 hobgoblins
  7 jackals (D:1)
  4 kobolds
  4 quokkas
  A frilled lizard (D:1)
  6 rats
80 creatures vanquished.

Vanquished Creatures (others)
  3 fungi (D:4)
3 creatures vanquished.

Grand Total: 83 creatures vanquished

Notes
Turn   | Place    | Note
-------+----------+-------------------------------------------
     0 | D:1      | qw the Gargoyle Fighter began the quest for the Orb.
     0 | D:1      | Reached XP level 1. HP: 14/14 MP: 1/1
     0 | D:1      | 0 ||| qw: Version: 0.2-a-13-gfc7b4b4
     0 | D:1      | 0 ||| qw: Game counter: 1948
     0 | D:1      | 0 ||| qw: Always use a shield: true
     0 | D:1      | 0 ||| qw: God list: Okawaru
     0 | D:1      | 0 ||| qw: Allow faded altars: false
     0 | D:1      | 0 ||| qw: Do Orc after D:15 true
     0 | D:1      | 0 ||| qw: Do second Lair branch before Depths: true
     0 | D:1      | 0 ||| qw: Lair rune preference: random
     0 | D:1      | 0 ||| qw: Plans: Normal, Zot:1-4, God:TSO, Crypt, Tomb,
                  | Pan, Slime:5, Hells, Abyss, Orb
     0 | D:1      | 0 ||| PLANNING D:1-11
    77 | D:1      | Reached skill level 2 in Axes
   128 | D:1      | Reached XP level 2. HP: 19/19 MP: 2/2
   309 | D:1      | Reached skill level 3 in Axes
   311 | D:1      | Reached XP level 3. HP: 21/23 MP: 3/3
   431 | D:1      | 431 ||| Stepping ~*~*~tactically~*~*~ (stealth).
   480 | D:1      | Found a faded altar of an unknown god.
   543 | D:1      | 543 ||| UPGRADING to amulet of reflection.
   548 | D:1      | 548 ||| READING scroll labelled ESIEGHUXTU.
   549 | D:1      | 549 ||| READING 3 scrolls labelled LYRCHA WOCROYP.
   553 | D:1      | 553 ||| READING 3 scrolls labelled JIWILO ZUAS.
   554 | D:1      | 554 ||| READING scroll labelled HOUPNY EDUNNY.
   691 | D:2      | Reached XP level 4. HP: 28/28 MP: 4/4
   736 | D:2      | Reached skill level 4 in Axes
   814 | D:2      | Noticed Sigmund
   825 | D:2      | HP: 7/28 [something (2)]
   826 | D:2      | 826 ||| READING 2 scrolls of teleportation.
   932 | D:2      | 932 ||| Invisible monster not found???
   971 | D:2      | Noticed Natasha
   972 | D:2      | 972 ||| Stepping ~*~*~tactically~*~*~ (stealth).
   988 | D:2      | Killed Natasha
  1057 | D:2      | Found Iteucw's Magic Scroll Shop.
  1065 | D:2      | 1065 ||| SHOPLISTING scroll of enchant armour (90 gold,
                  | have 73).
  1065 | D:2      | 1065 ||| BUYING scroll of identify (24 gold).
  1065 | D:2      | Bought a scroll of identify for 24 gold pieces
  1065 | D:2      | 1065 ||| BUYING scroll of identify (24 gold).
  1065 | D:2      | Bought a scroll of identify for 24 gold pieces
  1065 | D:2      | 1065 ||| BUYING scroll of identify (24 gold).
  1065 | D:2      | Bought a scroll of identify for 24 gold pieces
  1150 | D:2      | Reached XP level 5. HP: 32/32 MP: 5/5
  1150 | D:2      | 1150 ||| DROPPING +0 club.
  1153 | D:2      | Noticed Natasha
  1154 | D:2      | 1154 ||| Stepping ~*~*~tactically~*~*~ (hiding).
  1164 | D:2      | Killed Natasha
  1202 | D:2      | You fall into a shaft and drop 1 floor!
  1373 | D:3      | Found a burning altar of Makhleb.
  1428 | D:3      | 1428 ||| UPGRADING to ring of protection from cold.
  1429 | D:3      | 1429 ||| READING 2 scrolls labelled DASASIN TIOBONYOPN.
  1430 | D:3      | 1430 ||| READING 3 scrolls of identify.
  1430 | D:3      | 1430 ||| IDENTIFYING amethyst potion
  1431 | D:3      | 1431 ||| READING 2 scrolls of identify.
  1431 | D:3      | 1431 ||| IDENTIFYING silvery potion
  1432 | D:3      | 1432 ||| DROPPING scroll of blinking.
  1537 | D:3      | Reached skill level 5 in Axes
  1658 | D:3      | Reached skill level 1 in Throwing
  1910 | D:3      | 1910 ||| DROPPING amulet of regeneration.
  1911 | D:3      | 1911 ||| READING scroll labelled BOYQEBB EF GIS.
  1925 | D:4      | Found Ojaoga's Jewellery Shop.
  1986 | D:4      | Found a glowing golden altar of the Shining One.
  2006 | D:4      | Reached XP level 6. HP: 24/38 MP: 6/6
  2032 | D:4      | 2032 ||| FLEEEEING.
  2174 | D:4      | Reached skill level 1 in Dodging
  2186 | D:4      | Noticed a black bear
  2192 | D:4      | Killed a black bear
  2207 | D:4      | Found Naykeut's Book Shoppe.
  2208 | D:4      | Noticed Grinder
  2224 | D:4      | Found Winni's Armour Boutique.
  2224 | D:4      | Found Ashririar's General Store.
  2224 | D:4      | Found Weic's Weapon Shoppe.
  2237 | D:4      | HP: 9/38 [Grinder/puff of flame (9)]
  2238 | D:4      | 2238 ||| READING scroll of teleportation.
  2238 | D:4      | Paralysed by Grinder for 5 turns
  2241 | D:4      | HP: 4/38 [Grinder/nerve-wracking pain (6)]
  2244 | D:4      | Slain by an iguana

Levels and vault maps discovered:
D:1:      dpeg_arrival_snail, layout_rooms, basic_ecumenical_altar
D:2:      layout_basic, serial_shops, shop, palyth_stone_intersect,
          uniq_natasha, uniq_sigmund
D:3:      layout_basic, lemuel_crystal_altar, hex_large, dreamdust_wishing_well,
          minmay_misc_feat_alley, kennysheep_doodads, kennysheep_generic_room_10
D:4:      layout_loops_cross, nicolae_tso_carved_into_rock,
          lemuel_crystal_altar, nemelex_diamond_rough_becter,
          minmay_temple_entry_tees, minmay_tree_intersection,
          dreamdust_mushroom_princess, nicolae_wooded_promenade,
          hangedman_decor_peaks_small, minmay_manual_mess, uniq_grinder

Skill      XL: |  1  2  3  4  5  6 |
---------------+-------------------+-----
Axes           | 2 3 4 5 |  5.5
Throwing       | 1 |  1.1
Fighting       | 4 |  4.0
Dodging        | 1 |  1.2
Armour         | |  3.2
Shields        | |  3.2

Action                   |  1- 3 |  4- 6 || total
-------------------------+-------+-------++-------
Melee: War axe           |    94 |   126 ||   220
Throw: Boomerang         |     4 |    53 ||    57
  Use: Scroll            |     4 |     6 ||    10
Armor: Scale mail        |    55 |    48 ||   103
Dodge: Dodged            |    40 |    53 ||    93
Block: Buckler           |    11 |    59 ||    70
       Reflection        |       |     2 ||     2

Table legend:
 A = Non-vault XP
 B = Vault XP
 C = Vault XP percentage of total XP
 D = Non-vault monster count
 E = Vault monster count
 F = Vault count percentage of total count
                 A         B        C        D         E       F
            +---------+---------+-------+---------+---------+-------
      Total |     507 |      39 |   7.1 |      77 |       3 |   3.8
            +---------+---------+-------+---------+---------+-------
        D:1 |      66 |       0 |   0.0 |      31 |       0 |   0.0
        D:2 |     106 |      35 |  24.8 |      14 |       1 |   6.7
        D:3 |      77 |       4 |   4.9 |      15 |       2 |  11.8
        D:4 |     258 |       0 |   0.0 |      17 |       0 |   0.0
            +---------+---------+-------+---------+---------+-------
